 Dungeon Crawl Stone Soup version 0.24-a0-335-g06ca16a (webtiles) character file.

Game seed: 12424456995475658334

2334 Lanoc the Carver (level 9, -2/63 HPs)
             Began as an Octopode Berserker on May 18, 2019.
             Was an Elder of Trog.
             Slain by an ogre
             ... wielding a +0 giant club
              (10 damage)
             ... on level 7 of the Dungeon.
             The game lasted 00:08:11 (5367 turns).

Lanoc the Carver (Octopode Berserker)               Turns: 5367, Time: 00:08:12

Health: -2/63      AC:  1    Str: 17    XL:     9   Next: 42%
Magic:  9/9        EV: 17    Int:  9    God:    Trog [****..]
Gold:   192        SH:  0    Dex: 14    Spells: 8/8 levels left

rFire    . . .     SeeInvis .   o - +3 dagger "Butuudye" {flame, rN+}
rCold    . . .     Gourm    .   (no shield)
rNeg     + . .     Faith    .   j - +0 hat
rPois    .         Spirit   .   (no amulet)
rElec    .         Reflect  .   (no ring)
rCorr    .         Harm     .   (no ring)
MR       .....                  (no ring)
Stlth    ++........             (no ring)
HPRegen  0.20/turn              (no ring)
MPRegen  0.11/turn              (no ring)
                                (no ring)
                                (no ring)

@: berserk cooldown, slowed, very slow
A: almost no armour, stealthy swim, amphibious, 8 rings, constrict 8, camouflage
1, gelatinous body 1
a: Berserk, Trog's Hand, Brothers in Arms, Renounce Religion


You were on level 7 of the Dungeon.
You worshipped Trog.
Trog was greatly pleased with you.
You were not hungry.

You visited 1 branch of the dungeon, and saw 7 of its levels.

You collected 192 gold pieces.

Inventory:

Hand Weapons
 m - a +0 long sword
 o - the +3 dagger "Butuudye" (weapon) {flame, rN+}
   (You found it on level 4 of the Dungeon)

   It has been specially enchanted to burn those struck by it, causing extra
   injury to most foes and up to half again as much damage against particularly
   susceptible opponents.
   It protects you from negative energy.
Armour
 j - a +0 hat (worn)
Wands
 l - a wand of scattershot (6)
 n - a wand of digging (3)
 p - a wand of polymorph (11)
 t - a wand of acid (7)
Scrolls
 a - a scroll of fear {unknown}
 c - 8 scrolls of identify
 d - 5 scrolls of remove curse
 g - a scroll of amnesia
 h - a scroll of immolation
 k - a scroll of teleportation
Potions
 e - 2 potions of curing
 f - 2 potions of lignification
 i - 2 potions of heal wounds {unknown}
 r - a potion of haste {unknown}
 s - a potion of agility
 u - a potion of resistance {unknown}
 v - a potion of might {unknown}
Comestibles
 b - 9 rations
 w - a chunk of flesh


   Skills:
 + Level 6.8 Fighting
 * Level 9.3 Long Blades
 + Level 6.8 Dodging


You had 8 spell levels left.
You didn't know any spells.
Your spell library was empty.

Dungeon Overview and Level Annotations

Branches:
Dungeon (7/15)             Temple (0/1) D:7

Altars:
Ashenzari
Ru
Trog
Vehumet


Innate Abilities, Weirdness & Mutations

You cannot wear most types of armour.
You are very stealthy in the water. (Stealth+)
You are amphibious.
You can wear up to eight rings at the same time.
You can use your tentacles to constrict eight enemies at once.
Your skin changes colour to match your surroundings (Stealth+).
Your rubbery body absorbs attacks. (AC +1, EV +1)


Message History

You start resting.
Your transformation is almost over.
You start resting.
You hear the slow hiss of an avalanche of sand nearby.
You start resting.
An ogre comes into view. It is wielding a +0 giant club.
An ogre is nearby!
The ogre shouts!
You feel less wooden.
Your +0 hat unmelds from your body.
Things that are here:
a killer bee corpse x3
You hit the ogre but do no damage. You squeeze the ogre!
The ogre is moderately wounded.
The ogre hits you with a +0 giant club!!
* * * LOW HITPOINT WARNING * * *
As you read the scroll labeled GEUTICZ ZOYNY, it crumbles to dust.
It is a scroll of amnesia.
You feel forgetful for a moment. The ogre hits you with a +0 giant club!
You die...

,,,,,,,*,,,,*+*...,,,*
**,***,,,,,,,,,...,*,*
**,* *,,,,,,***#.#,*,*
**,***,,,,,..**#.#,*,*
**,,,,,,,,,...,..#,*,*
******,#,#,#.#*#.#,*,*
* #,#.#.#.# #.#,*,* *
#.#.#.#.# #.#,*,* *
#.....#.###@#,*,*
*****#.........O.#,*,*
,,,,,............#,*,**
****,*.#####.#####,*,,*
* *,*,#.....# *,**,* *
*,*,#.##### *,**,* *
#,#.#.# *,**,* *
#.#.#.# *,**,*
#.#.#.########*,,,,*


You could see an ogre.

Vanquished Creatures
  A hippogriff (D:6)
  Sigmund (D:2)
  Eustachio (D:6)
  A sky beast (D:5)
  A phantom (D:4)
  2 ogres
  3 centaurs
  3 bullfrogs
  6 killer bees (D:7)
  A bullfrog zombie (D:5)
  A jelly (D:5)
  3 orc priests
  3 hounds
  An iguana (D:5)
  7 orc wizards
  2 worker ants (D:4)
  3 gnolls (D:5)
  A howler monkey skeleton (D:5)
  9 adders
  A shadow imp (D:6)
  4 adder zombies (D:6)
  2 worms
  3 dart slugs (D:2)
  2 leopard geckos (D:3)
  39 orcs
  3 giant cockroaches
  4 goblins
  5 hobgoblins
  14 jackals
  7 kobolds
  3 quokkas
  10 bats
  3 frilled lizards
  A jackal skeleton (D:4)
  4 rats
155 creatures vanquished.

Notes
Turn   | Place    | Note
-------+----------+-------------------------------------------
     0 | D:1      | Lanoc the Octopode Berserker began the quest for the Orb.
     0 | D:1      | Reached XP level 1. HP: 16/16 MP: 1/1
    98 | D:1      | Reached XP level 2. HP: 21/21 MP: 2/2
   174 | D:2      | Reached XP level 3. HP: 20/26 MP: 3/3
   197 | D:2      | HP: 1/26 [hobgoblin/+0 club (4)]
   541 | D:2      | Reached ** piety under Trog
   640 | D:2      | Noticed Sigmund
   647 | D:2      | Killed Sigmund
   647 | D:2      | Reached skill level 4 in Long Blades
   647 | D:2      | Reached XP level 4. HP: 33/33 MP: 4/4
   647 | D:2      | Reached XP level 5. HP: 37/37 MP: 5/5
   666 | D:2      | Reached skill level 5 in Long Blades
  1011 | D:2      | Found a shattered altar of Ashenzari.
  1119 | D:3      | Reached XP level 6. HP: 43/43 MP: 6/6
  1512 | D:3      | Found a sacrificial altar of Ru.
  1721 | D:4      | Got a twisted dagger
  1722 | D:4      | Identified the +3 dagger "Butuudye" {flame, rN+} (You found
                  | it on level 4 of the Dungeon)
  1800 | D:4      | Reached *** piety under Trog
  1800 | D:4      | Reached XP level 7. HP: 49/49 MP: 7/7
  1812 | D:4      | Reached skill level 6 in Long Blades
  2156 | D:4      | Reached skill level 5 in Fighting
  2156 | D:4      | Reached skill level 5 in Dodging
  2213 | D:4      | Found a bloodstained altar of Trog.
  2471 | D:4      | Reached XP level 8. HP: 55/55 MP: 8/8
  2849 | D:5      | Entered Level 5 of the Dungeon
  2889 | D:5      | Reached skill level 7 in Long Blades
  4083 | D:6      | Reached **** piety under Trog
  4162 | D:6      | Reached skill level 8 in Long Blades
  4467 | D:6      | Noticed a hippogriff
  4474 | D:6      | Killed a hippogriff
  4594 | D:6      | Noticed Eustachio
  4600 | D:6      | Killed Eustachio
  4600 | D:6      | Reached XP level 9. HP: 63/63 MP: 9/9
  4753 | D:6      | Found a radiant altar of Vehumet.
  5307 | D:7      | Reached skill level 9 in Long Blades
  5367 | D:7      | Slain by an ogre

Levels and vault maps discovered:
D:1:      psy_arrival_statuary, layout_loops_ring, columned_hall_lemuel
D:2:      layout_loops_ring, ashenzari_altar_1, uniq_sigmund
D:3:      layout_basic, nicolae_ru_the_path_less_chosen
D:4:      layout_basic, lightli_temple_of_fire, first_ration, st_stairs_13
D:5:      layout_loops_ring
D:6:      layout_layer_cave, kennysheep_mini_moat, uniq_eustachio
D:7:      layout_loops_ring, nicolae_overflow_hidden_temple,
          minmay_temple_entry_junction, nicolae_ossuary_entry_plus,
          grunt_livestock, david_defended_altar_elf

Skill      XL: |  1  2  3  4  5  6  7  8  9 |
---------------+----------------------------+-----
Fighting       | 4 5 6 |  6.8
Long Blades    | 4 5 6 8 9 |  9.3
Dodging        | 4 5 6 |  6.8

Action                   |  1- 3 |  4- 6 |  7- 9 || total
-------------------------+-------+-------+-------++-------
Melee: Falchion          |    44 |    65 |       ||   109
       Constrict         |    14 |    24 |    50 ||    88
       Tentacles         |     9 |    22 |    50 ||    81
       Dagger            |       |     8 |   208 ||   216
Invok: Berserk           |     1 |     2 |     9 ||    12
       Trog's Hand       |       |       |     1 ||     1
  Use: Scroll            |       |       |     6 ||     6
       Potion            |       |       |     2 ||     2
 Stab: Sleeping          |     4 |     4 |     5 ||    13
  Eat: Chunk             |       |     5 |    14 ||    19
       Ration            |       |       |     2 ||     2
Armor: Skin              |     4 |     2 |     6 ||    12
Dodge: Dodged            |    22 |    53 |   118 ||   193
       Rpst.: Falchion   |     7 |    11 |       ||    18

Table legend:
 A = Non-vault XP
 B = Vault XP
 C = Vault XP percentage of total XP
 D = Non-vault monster count
 E = Vault monster count
 F = Vault count percentage of total count
                 A         B        C        D         E       F
            +---------+---------+-------+---------+---------+-------
      Total |    2778 |     557 |  16.7 |     151 |       4 |   2.6
            +---------+---------+-------+---------+---------+-------
        D:1 |      14 |       0 |   0.0 |       9 |       0 |   0.0
        D:2 |      76 |     227 |  74.9 |      25 |       1 |   3.8
        D:3 |     126 |       0 |   0.0 |      24 |       0 |   0.0
        D:4 |     648 |     127 |  16.4 |      34 |       2 |   5.6
        D:5 |     677 |       0 |   0.0 |      25 |       0 |   0.0
        D:6 |     537 |     203 |  27.4 |      23 |       1 |   4.2
        D:7 |     700 |       0 |   0.0 |      11 |       0 |   0.0
            +---------+---------+-------+---------+---------+-------
